 Dungeon Crawl Stone Soup version 0.27-a0-686-gaed091b46b (webtiles) character file.

Game seed: 149229593352098680

1648 jasper the Insei (level 8, -3/63 HPs)
             Began as a Demonspawn Delver on Mar 21, 2021.
             Was a Follower of Makhleb.
             Slain by Maggie
             ... wielding a +1 morningstar of flaming
              (7 damage)
             ... on level 7 of the Dungeon.
             The game lasted 00:18:59 (11252 turns).

jasper the Insei (Demonspawn Delver)               Turns: 11252, Time: 00:19:00

Health: -3/63      AC:  6    Str: 13    XL:     8   Next: 67%
Magic:  8/8        EV: 17    Int: 18    God:    Makhleb [*.....]
Gold:   190        SH:  0    Dex: 16    Spells: 5/7 levels left

rFire    + . .     SeeInvis .     - Unarmed
rCold    + . .     Faith    .   (no shield)
rNeg     + . .     Spirit   .   j - +2 leather armour {Will+}
rPois    +         Reflect  .   e - +0 helmet
rElec    +         Harm     .   (no cloak)
rCorr    +         Rampage  .   (no gloves)
Will     +....                  (no boots)
Stlth    ++++......             (no amulet)
HPRegen  0.20/turn              h - ring of wizardry
MPRegen  0.22/turn              s - ring "Fizaq" {rN+ Int+6 Stlth+}

@: resistant, repel missiles
A: claws 1, repulsion field 3, magic regeneration, condensation shield
a: Renounce Religion


You were on level 7 of the Dungeon.
You worshipped Makhleb.
Makhleb was aware of your devotion.
You visited 1 branch of the dungeon, and saw 7 of its levels.
You also visited: Ossuary.

You collected 190 gold pieces.

Inventory:

Hand Weapons
 a - a +0 hand axe of draining
Missiles
 l - 189 stones
 m - 37 bolts
 o - a throwing net
 t - 7 javelins (quivered)
Armour
 b - a +0 leather armour
 e - a +0 helmet (worn)
 g - a +0 ring mail
 j - a +2 leather armour of willpower (worn)
Jewellery
 h - a ring of wizardry (right claw)
 s - the ring "Fizaq" (left claw) {rN+ Int+6 Stlth+}
   (You found it on level 7 of the Dungeon)

   [ring of intelligence]

   It affects your intelligence (+6).
   It protects you from negative energy.
   It makes you more stealthy.
Wands
 r - a wand of flame (11)
 u - a wand of digging (6)
Scrolls
 c - 2 scrolls of fog
 d - a scroll of magic mapping
 f - 4 scrolls of teleportation
 i - a scroll of amnesia
 k - 2 scrolls of identify
 n - a scroll of blinking
Potions
 p - a potion of attraction


   Skills:
 + Level 5.6 Fighting
 - Level 1.7 Axes
 + Level 0.4 Armour
 + Level 4.7 Dodging
 - Level 4.5 Stealth
 * Level 6.1 Unarmed Combat
 + Level 0.8 Invocations
 - Level 5.0 Evocations


You had 5 spell levels left.
You knew the following spells:

 Your Spells              Type           Power      Damage    Failure   Level
a - Blink                 Tloc           N/A        N/A       16%         2

Your spell library contained the following spells:

 Spells                   Type           Power      Damage    Failure   Level
 Corona                   Hex            0%         N/A       12%         1
 Freeze                   Ice            0%         1d3       12%         1
 Magic Dart               Conj           0%         1d3       12%         1
 Call Imp                 Summ           0%         N/A       16%         2
 Ensorcelled Hibernation  Hex/Ice        0%         N/A       16%         2
 Slow                     Hex            0%         N/A       16%         2
 Confusing Touch          Hex            0%         N/A       32%         3
 Conjure Flame            Conj/Fire      0%         6-21      32%         3
 Dazzling Flash           Conj/Hex       0%         N/A       32%         3
 Frozen Ramparts          Ice            0%         1d2       32%         3
 Mephitic Cloud           Conj/Pois/Air  0%         N/A       32%         3
 Ozocubu's Armour         Ice            0%         N/A       32%         3
 Tukima's Dance           Hex            0%         N/A       32%         3
 Hailstorm                Conj/Ice       0%         3d3       69%         4
 Summon Ice Beast         Ice/Summ       0%         N/A       69%         4


Dungeon Overview and Level Annotations

Branches:
Dungeon (7/15)            Ossuary (visited)
 Temple: D:4-7

Altars:
Ashenzari
Dithmenos
Elyvilon
Fedhas
Gozag
Makhleb
Nemelex Xobeh
Trog
Wu Jian
Yredelemnul

Annotations:
D:3 2 transporters, SkeletonJelly's ghost, amateur MiDe
D:5 1 runed translucent door, Crazy Yiuf; Edmund
D:7 Maggie


Innate Abilities, Weirdness & Mutations

You have sharp fingernails.
You are surrounded by a strong repulsion field. (EV +4, RMsl)
You regenerate magic rapidly.
A meltable shield of frost defends you. (SH +0)


Message History

Maggie hits you with a +1 morningstar of flaming.
You take 1 damage, and have 27/63 hp.
You barely miss Maggie.
Maggie is severely wounded.
Maggie points at you and mumbles some strange words.
The bolt of fire is repelled.
You scratch Maggie but do no damage.
Maggie is severely wounded.
Maggie practices a pose.
Maggie hits you with a +1 morningstar of flaming!
Maggie burns you.
* * * LOW HITPOINT WARNING * * *
You take 10 damage, and have 17/63 hp.
You scratch Maggie.
Maggie is severely wounded.
Maggie closely misses you.
Aiming: Throw Flame
Press: ? - help, Shift-Dir - straight line, f - Maggie
Aim: Maggie, wielding a +1 morningstar of flaming and wearing +1 swamp dragon scales (severely wounded, 23% to evade)
The puff of flame hits Maggie.
Maggie is severely wounded.
Maggie hits you with a +1 morningstar of flaming!
* * * LOW HITPOINT WARNING * * *
Maggie burns you.
* * * LOW HITPOINT WARNING * * *
You take 14 damage, and have 3/63 hp.
MASSIVE DAMAGE!!
Aiming: Throw Flame
Press: ? - help, Shift-Dir - straight line, f/p - Maggie
Aim: Maggie, wielding a +1 morningstar of flaming and wearing +1 swamp dragon scales (severely wounded, 23% to evade)
The puff of flame hits Maggie.
Maggie is severely wounded.
Maggie closely misses you.
Okay, then.
Aiming: Throw Flame
Press: ? - help, Shift-Dir - straight line, f/p - Maggie
Aim: Maggie, wielding a +1 morningstar of flaming and wearing +1 swamp dragon scales (severely wounded, 23% to evade)
The puff of flame hits Maggie but does no damage.
Maggie is severely wounded.
Maggie hits you with a +1 morningstar of flaming!
You die...

####.## #.....#
#.###.#### ## ..# #.#..
.. #.###.#.# .#
#.....#.####...###
###..#...........# #
#..#..####.. #@#
###..#..#####.##@#
..............##.##
###.##...######.#.##
.##............###.#
.#####.########.#.######
.# #.# ##.........
.#####.###### #.########
.....).....># #.#
.......####.# #.#


You could see Maggie.

Vanquished Creatures
  Menkaure (D:5)
  Duvessa (D:5)
  2 sky beasts (D:5)
  2 ogres
  A phantom (D:4)
  A centaur (D:6)
  Dowan (D:5)
  A scorpion (D:7)
  2 wights
  4 orc priests
  2 hounds (D:5)
  A jelly (D:5)
  3 iguanas
  5 orc wizards
  3 worker ants
  A mummy (D:5)
  6 adders
  A gnoll (D:1)
  A howler monkey skeleton (D:5)
  2 shadow imps
  An ufetubus (D:5)
  An adder zombie (D:5)
  An adder skeleton (D:7)
  3 worms (D:2)
  2 dart slugs
  4 leopard geckos
  18 orcs
  3 ball pythons
  9 goblins
  6 hobgoblins
  10 jackals
  7 kobolds
  2 quokkas
  6 bats
  5 frilled lizards
  A giant cockroach zombie (D:5)
  2 goblin zombies (Ossuary)
  3 hobgoblin zombies (Ossuary)
  A jackal zombie (D:5)
  3 kobold zombies (Ossuary)
  8 rats
137 creatures vanquished.

Vanquished Creatures (others)
  2 plants (D:2)
2 creatures vanquished.

Grand Total: 139 creatures vanquished

Notes
Turn   | Place    | Note
-------+----------+-------------------------------------------
     0 | D:5      | jasper the Demonspawn Delver began the quest for the Orb.
     0 | D:5      | Reached XP level 1. HP: 18/18 MP: 1/1
    18 | D:5      | Noticed Duvessa
    22 | D:5      | Noticed Dowan
    24 | D:5      | Killed Duvessa
    25 | D:5      | Gained mutation: A meltable shield of frost defends you.
                  | (SH +0) [demonic ancestry]
    25 | D:5      | Reached XP level 2. HP: 24/24 MP: 2/2
    25 | D:5      | Reached XP level 3. HP: 29/29 MP: 3/3
    25 | D:5      | Gained mutation: You have sharp fingernails. [demonic
                  | ancestry]
    25 | D:5      | Reached XP level 4. HP: 35/35 MP: 4/4
    27 | D:5      | Killed Dowan
    28 | D:5      | Reached skill level 5 in Evocations
    28 | D:5      | Gained mutation: You are surrounded by a mild repulsion
                  | field. (EV +2) [demonic ancestry]
    28 | D:5      | Reached XP level 5. HP: 41/41 MP: 5/5
    45 | D:5      | Found a sand-covered staircase.
   135 | Ossuary  | Entered an ossuary
   135 | Ossuary  | Noticed a wraith
   135 | Ossuary  | Noticed a wraith
   135 | Ossuary  | Noticed a wraith
   587 | Ossuary  | Reached skill level 1 in Unarmed Combat
   705 | D:4      | Noticed a sky beast
   723 | D:4      | Noticed a phantom
  1799 | D:2      | Found a basalt altar of Yredelemnul.
  2363 | D:2      | Learned a level 2 spell: Blink
  2761 | D:2      | Found a blossoming altar of Fedhas.
  2954 | D:2      | Gained mutation: You are surrounded by a moderate repulsion
                  | field. (EV +3) [demonic ancestry]
  2954 | D:2      | Reached XP level 6. HP: 42/47 MP: 6/6
  3266 | D:3      | Found a transporter.
  3267 | D:3      | Noticed SkeletonJelly's ghost (amateur MiDe)
  3271 | D:3      | Identified the +7 dire flail "Ydwofoci" {protect, *Rage rF+
                  | Will+}
  3275 | D:3      | Found a transporter.
  3625 | D:3      | Found a bloodstained altar of Trog.
  3749 | D:3      | Reached skill level 2 in Unarmed Combat
  4438 | D:4      | Found a broken altar of Ashenzari.
  4442 | D:4      | Found a burning altar of Makhleb.
  4450 | D:4      | Found an ornate altar of the Wu Jian Council.
  4453 | D:4      | Found an opulent altar of Gozag.
  4571 | D:4      | Reached skill level 3 in Unarmed Combat
  4637 | D:5      | Killed a sky beast
  4638 | D:5      | Gained mutation: You regenerate magic rapidly. [demonic
                  | ancestry]
  4638 | D:5      | Reached XP level 7. HP: 49/54 MP: 7/7
  4774 | D:5      | Found a runed translucent door.
  4775 | D:5      | Noticed Crazy Yiuf
  4810 | D:5      | Noticed Menkaure
  4841 | D:5      | Found a shadowy altar of Dithmenos.
  5468 | D:5      | Reached skill level 4 in Unarmed Combat
  5625 | D:5      | Found a bloodstained altar of Trog.
  5626 | D:5      | Noticed Edmund
  6409 | D:4      | Became a worshipper of Makhleb the Destroyer
  8625 | D:5      | Killed Menkaure
  8626 | D:5      | Reached skill level 5 in Unarmed Combat
  8626 | D:5      | Gained mutation: You are surrounded by a strong repulsion
                  | field. (EV +4, RMsl) [demonic ancestry]
  8626 | D:5      | Reached XP level 8. HP: 15/61 MP: 8/8
  9239 | D:5      | Reached skill level 5 in Fighting
  9854 | D:6      | Found a sparkling altar of Nemelex Xobeh.
 10890 | D:6      | Reached skill level 6 in Unarmed Combat
 11003 | D:7      | Identified the ring "Fizaq" {rN+ Int+6 Stlth+}
 11070 | D:7      | Reached * piety under Makhleb
 11221 | D:7      | Noticed Maggie
 11250 | D:7      | HP: 3/63 [Maggie/+1 morningstar of flaming (3)]
 11252 | D:7      | Slain by Maggie

Illustrated notes

Levels and vault maps discovered:
D:1:      dpeg_arrival_houses_and_road, layout_basic, minmay_heptomino_w4
D:2:      cheibrodos_old_hovel, layout_loops_corners, fedhas_altar_2,
          nicolae_overflow_crystal_walls
D:3:      layout_rooms, gammafunk_ghost_smash, trog_book
D:4:      layout_rooms, minmay_overflow_temple_star_hex, ldierk_geyser
D:5:      layout_cave_pods, general_overflow_altar, gup_ossuary_entry_pyramid,
          serial_column_ruins, column_ruins_temple_hall,
          column_ruins_hut_pillars, column_ruins_columns_straight,
          column_ruins_corridor_corner, column_ruins_grid_1,
          column_ruins_columns_corner, column_ruins_open_small, uniq_menkaure,
          uniq_edmund, uniq_duvessa, uniq_crazy_yiuf_cottage
D:6:      layout_gridville, minmay_temple_entry_poolview, basic_altar,
          gammafunk_ghost_split, uniq_eustachio
D:7:      layout_loops_ring, uniq_maggie

Skill      XL: |  1  2  3  4  5  6  7  8 |
---------------+-------------------------+-----
Evocations     | 4 5 |  5.0
Dodging        | 2 3 4 |  4.7
Unarmed Combat | 1 3 5 6 |  6.1
Fighting       | 4 5 |  5.6
Axes           | |  1.7
Armour         | |  0.4
Stealth        | |  4.5
Invocations    | |  0.8

Action                   |  1- 3 |  4- 6 |  7- 9 || total
-------------------------+-------+-------+-------++-------
Melee: Unarmed           |       |   221 |   340 ||   561
       Hand axe          |       |    78 |       ||    78
       Punch             |       |     5 |     4 ||     9
Throw: Stone             |       |    33 |   105 ||   138
       Throwing net      |       |       |     3 ||     3
       Javelin           |       |       |     2 ||     2
Evoke: Wand              |     6 |    17 |     7 ||    30
  Use: Scroll            |       |     6 |     3 ||     9
       Potion            |       |     1 |     5 ||     6
 Stab: Sleeping          |       |     5 |     3 ||     8
       Paralysed         |       |    48 |       ||    48
       Held in net/web   |       |       |     2 ||     2
Armor: Leather armour    |       |    32 |    12 ||    44
       Ring mail         |       |    27 |    13 ||    40
Dodge: Dodged            |       |   176 |   183 ||   359
       Repelled          |       |       |     1 ||     1
Block: Other             |       |    44 |    49 ||    93

Table legend: (Time is in decaauts)
 A = Elapsed time spent in this place.
 B = Non-inter-level travel time spent in this place.
 C = Inter-level travel time spent in this place.
 D = Time resting spent in this place.
 E = Time spent auto-exploring this place.
 F = Levels seen in this place.
 G = Mean time per level.
                   A        B        C        D        E       F      G
               +--------+--------+--------+--------+--------+-----+--------+
         Total |  11256 |  10888 |    368 |   5018 |   3863 |   8 | 1407.0 |
       Dungeon |  10738 |  10370 |    368 |   4602 |   3845 |   7 | 1534.0 |
       Ossuary |    518 |    518 |      0 |    416 |     18 |   1 |  518.0 |
               +--------+--------+--------+--------+--------+-----+--------+

Top non-repeatable levels by time:
     D:5: 3708 daAuts
     D:2: 1884 daAuts
     D:3: 1656 daAuts
     D:4: 1494 daAuts
     D:1: 1349 daAuts
 Ossuary: 518 daAuts
     D:7: 346 daAuts
     D:6: 297 daAuts
